 Dungeon Crawl Stone Soup version 0.27.0-1-g7a089689b8 (webtiles) character file.

Game seed: 17054192848729540438

266 HungrySpirit the Chopper (level 6, 0/47 HPs)
             Began as a Human Arcane Marksman on July 31, 2021.
             Was a Follower of the Shining One.
             Slain by an adder (2 damage)
             ... on level 4 of the Dungeon.
             The game lasted 00:05:18 (3428 turns).

HungrySpirit the Chopper (Human Arcane Marksman)    Turns: 3428, Time: 00:05:18

Health: 0/47       AC:  7    Str: 10 (12) XL:     6   Next: 44%
Magic:  7/7        EV: 10    Int: 12 (13) God:    the Shining One [*.....]
Gold:   116        SH:  0    Dex: 11 (14) Spells: 6/7 levels left

rFire    . . .     SeeInvis .   h - +0 hand axe
rCold    . . .     Faith    .   (no shield)
rNeg     . . .     Spirit   .   l - +0 ring mail
rPois    .         Reflect  .   v - +0 helmet
rElec    .         Harm     .   k - +0 cloak
rCorr    .         Rampage  .   (no gloves)
Will     +....                  (no boots)
Stlth    ..........             (no amulet)
HPRegen  0.15/turn              b - ring of willpower
MPRegen  0.10/turn              (no ring)

@: lethally poisoned (0 -> -6), flying, glowing
A: no striking features
a: Renounce Religion


You were on level 4 of the Dungeon.
You worshipped the Shining One.
The Shining One was aware of your devotion.
You visited 1 branch of the dungeon, and saw 4 of its levels.

You collected 116 gold pieces.

Inventory:

Hand Weapons
 a - a +0 shortbow
 h - a +0 hand axe (weapon)
 w - a +2 short sword of holy wrath
Missiles
 c - 110 arrows
 i - 2 atropa-tipped darts (quivered)
Armour
 k - a +0 cloak (worn)
 l - a +0 ring mail (worn)
 v - a +0 helmet (worn)
Jewellery
 b - a ring of willpower (left hand)
Scrolls
 d - 2 scrolls of vulnerability {unknown}
 j - a scroll of immolation {unknown}
 m - a scroll of teleportation {unknown}
 n - a scroll of fog {unknown}
 q - 2 scrolls of identify {unknown}
 r - 2 scrolls of enchant armour {unknown}
 t - a scroll of acquirement {unknown}
 u - a scroll of enchant weapon {unknown}
Potions
 f - a potion of flight
 g - a potion of invisibility {unknown}
 o - a potion of haste {unknown}
 p - a potion of berserk rage {unknown}


   Skills:
 + Level 3.2 Fighting
 * Level 4.2 Axes
 - Level 2.1 Bows
 + Level 2.0 Armour
 - Level 2.0 Dodging
 - Level 1.0 Spellcasting
 - Level 3.0 Hexes


You had 6 spell levels left.
You knew the following spells:

 Your Spells              Type           Power      Damage    Failure   Level
a - Corona                Hex            7%         N/A       22%         1

Your spell library contained the following spells:

 Spells                   Type           Power      Damage    Failure   Level
 Slow                     Hex            7%         N/A       32%         2
 Magic Dart               Conj           0%         1d3       58%         1
 Blink                    Tloc           N/A        N/A       75%         2
 Searing Ray              Conj           0%         3d3       75%         2
 Dazzling Flash           Conj/Hex       8%         N/A       77%         3
 Inner Flame              Hex/Fire       4%         N/A       77%         3
 Portal Projectile        Hex/Tloc       8%         N/A       77%         3
 Cause Fear               Hex            3%         N/A       91%         4
 Lesser Beckoning         Tloc           0%         N/A       92%         3
 Fulminant Prism          Conj/Hex       2%         3d6       99%         4
 Agony                    Necr           0%         N/A       100%        5
 Manifold Assault         Tloc           0%         N/A       100%        5
 Silence                  Hex/Air        2%         N/A       100%        5


Dungeon Overview and Level Annotations

Branches:
Dungeon (4/15)             Temple (0/1) D:4

Altars:
Elyvilon
Gozag
The Shining One

Shops:
D:3 [*


Message History

Beogh smites you! The adder barely misses you. The scorpion barely misses you.
The orc priest shouts!
You hit the scorpion but do no damage.
The scorpion is heavily wounded.
Your ring mail prevents you from hitting the adder.
You hit the orc priest but do no damage.
You feel very sick.
You hear a shout!
You hear a bark!
The adder barely misses you. The scorpion stings you.
The orc priest hits you with a +0 short sword.
You are too injured to fight recklessly!
Unknown command.
You feel sick. The adder bites you but does no damage.
The orc priest calls down the wrath of Beogh upon you.
Beogh smites you!
* * * LOW HITPOINT WARNING * * *
You hear a bark! x2
It was a potion of flight.
You feel very buoyant.
You fly up into the air.
* * * LOW HITPOINT WARNING * * *
You feel sick. The adder bites you but does no damage. The scorpion stings you.
* * * LOW HITPOINT WARNING * * *
The adder closely misses you.
It was a potion of curing.
You feel better.
The scorpion stings you but does no damage.
The adder barely misses you.
An orc comes into view. It is wielding a +0 club.
The scorpion stings you.
* * * LOW HITPOINT WARNING * * *
You are lethally poisoned!
The scorpion poisons you!
* * * LOW HITPOINT WARNING * * *
You feel sick. The adder bites you but does no damage.
It was a potion of degeneration.
There was something very wrong with that liquid.
You feel weakened.
You feel dopey.
You feel clumsy.
* * * LOW HITPOINT WARNING * * *
You feel sick. The adder bites you.
You die...

### #.# #. ..# #.# #..
#.# #.# #.. #.# #.#
###..## #.###.#
.......###[....###
#....s@........######
#....S###............
#...oo# #.###...######
#..#..# #.##..#.)†...##
#....o....##....###....
##.#...#.###.#.## #..##
..o#..##.# #.#.# #..#
.... #..##. #.#.####..#
.... ...##. #.#...##..#


You could see a scorpion, an orc priest, an adder and 3 orcs.

Vanquished Creatures
  An ogre (D:4)
  An orc priest (D:4)
  Terence (D:2)
  Natasha (D:2)
  5 adders
  A worm (D:4)
  2 dart slugs
  6 orcs
  4 ball pythons
  4 bats (D:2)
  5 endoplasms
  2 giant cockroaches
  2 goblins (D:2)
  A hobgoblin (D:3)
  A quokka (D:2)
  A frilled lizard (D:2)
  6 kobolds
  5 rats
49 creatures vanquished.

Notes
Turn   | Place    | Note
-------+----------+-------------------------------------------
     0 | D:1      | HungrySpirit the Human Arcane Marksman began the quest for
                  | the Orb.
     0 | D:1      | Reached XP level 1. HP: 15/15 MP: 2/2
    33 | D:1      | Found a faded altar of an unknown god.
   528 | D:1      | Became a worshipper of the Shining One
   528 | D:1      | Reached * piety under the Shining One
   569 | D:2      | Reached XP level 2. HP: 16/21 MP: 3/3
   668 | D:2      | Reached skill level 1 in Axes
  1058 | D:2      | Reached XP level 3. HP: 27/27 MP: 4/4
  1159 | D:2      | Noticed Terence
  1177 | D:2      | Reached skill level 2 in Axes
  1397 | D:2      | Killed Terence
  1398 | D:2      | Reached XP level 4. HP: 15/33 MP: 5/5
  1666 | D:2      | Noticed Natasha
  1687 | D:2      | Killed Natasha
  2029 | D:3      | Reached skill level 3 in Axes
  2187 | D:3      | Reached XP level 5. HP: 31/39 MP: 6/6
  2345 | D:3      | Found a white marble altar of Elyvilon.
  2399 | D:3      | Found Xovvyr's Antique Armour Shoppe.
  2496 | D:3      | Found an opulent altar of Gozag.
  2496 | D:3      | Found Gozag's Platinum Reserve.
  2717 | D:4      | Noticed an ogre
  2723 | D:4      | HP: 1/39 [ogre (18)]
  2726 | D:4      | Killed an ogre
  2727 | D:4      | Reached skill level 1 in Armour
  2727 | D:4      | Reached XP level 6. HP: 1/46 MP: 7/7
  3053 | D:4      | Reached skill level 4 in Axes
  3240 | D:4      | Found a staircase to the Ecumenical Temple.
  3428 | D:4      | HP: 2/47 [poisoned by a scorpion]
  3428 | D:4      | Slain by an adder

Illustrated notes

Levels and vault maps discovered:
D:1:      scummos_arrival_hexagon, layout_basic,
          hellmonk_ecumenical_altar_pennies_from_heaven, corner_web_ring
D:2:      layout_basic, uniq_natasha, uniq_terence
D:3:      layout_basic, elyvilon_altar_3, nicolae_gozag_zags_fifth_avenue,
          serial_shops, nicolae_shop_waterfront
D:4:      layout_loops_ring, okawaru_altar_gauntlet_db, temple_hall

Skill      XL: |  1  2  3  4  5  6 |
---------------+-------------------+-----
Axes           | 1 2 3 4 |  4.2
Fighting       | 2 3 |  3.2
Armour         | 1 2 |  2.0
Bows           | |  2.1
Dodging        | |  2.0
Spellcasting   | |  1.0
Hexes          | |  3.0

Action                   |  1- 3 |  4- 6 || total
-------------------------+-------+-------++-------
Melee: Hand axe          |    58 |   121 ||   179
       Dagger            |     8 |       ||     8
 Fire: Shortbow          |     1 |       ||     1
Throw: Dart              |       |     2 ||     2
  Use: Potion            |     1 |     3 ||     4
Armor: Robe              |    10 |       ||    10
       Ring mail         |       |    52 ||    52
Dodge: Dodged            |    55 |    65 ||   120
